| TOP OF THE 1ST |
|
Tulsa Drillers batting - Pitching for Colorado (EL) Rockies : RHP Jalen Young
|
|
Pitching: RHP Jalen Young
|
|
|
Batting: RHB Jason Baldwin
|
0-0: Called Strike 0-1: Ball 1-1: Foul Ball, location: 2F 1-2: Ball 2-2: SINGLE (Groundball, 4MD, EV 103.1 MPH)
|
|
Batting: SHB Ray Luna
|
0-0: Called Strike 0-1: Swinging Strike 0-2: Strikes out swinging
|
|
Batting: RHB Carlos Gonzalez
|
0-0: Grounds into double play, 5-4-3 (Groundball, 5L, EV 90.6 MPH)
|
| Top of the 1st over - 0 runs, 1 hit, 0 errors, 0 left on base; Tulsa 0 - Colorado (EL) 0 |
| BOTTOM OF THE 1ST |
|
Colorado (EL) Rockies batting - Pitching for Tulsa Drillers : RHP Alex Mora
|
|
Pitching: RHP Alex Mora
|
|
|
Batting: RHB Dwane Reed
|
0-0: Called Strike 0-1: Ball 1-1: Called Strike 1-2: Ball 2-2: Strikes out swinging
|
|
Batting: RHB Zakhar Edelman
|
0-0: Ball 1-0: Ball 2-0: Foul Ball, location: 2F 2-1: Ball 3-1: Swinging Strike 3-2: Foul Ball, location: 2F 3-2: Ground out 6-3 (Groundball, 6, EV 85.0 MPH)
|
|
Batting: LHB Mick Tucker
|
0-0: Called Strike 0-1: Ball 1-1: Ball 2-1: Swinging Strike 2-2: Foul Ball, location: 2F 2-2: Ball 3-2: Foul Ball, location: 2F 3-2: Fly out, F8 (Flyball, 8LM, EV 88.8 MPH)
|
| Bottom of the 1st over - 0 runs, 0 hits, 0 errors, 0 left on base; Tulsa 0 - Colorado (EL) 0 |
| TOP OF THE 2ND |
|
Tulsa Drillers batting - Pitching for Colorado (EL) Rockies : RHP Jalen Young
|
|
Batting: LHB Bobby Gonzalez
|
0-0: Ball 1-0: Called Strike 1-1: Foul Ball, location: 2F 1-2: SOLO HOME RUN (Line Drive, 89XD, EV 106.9 MPH), Distance : 401 ft
|
|
Batting: RHB Justin Curran
|
0-0: Foul Ball, location: 2F 0-1: Fly out, F8 (Flyball, 8RM, EV 83.8 MPH)
|
|
Batting: LHB Cory Bowler
|
0-0: Swinging Strike 0-1: Swinging Strike 0-2: Foul Ball, location: 2F 0-2: Ball 1-2: Strikes out swinging
|
|
Batting: RHB Jonathan Sotelo
|
0-0: Called Strike 0-1: Ball 1-1: Ball 2-1: Foul Ball, location: 2F 2-2: Foul Ball, location: 2F 2-2: Foul Ball, location: 2F 2-2: Foul Ball, location: 2F 2-2: Ball 3-2: Foul Ball, location: 2F 3-2: Base on Balls
|
|
Batting: RHB Bob Magana
|
0-0: Called Strike 0-1: Ball 1-1: Ball 2-1: Ball 3-1: Base on Balls Jonathan Sotelo to second
|
|
Batting: LHB Joe Phillips
|
0-0: Ball 1-0: Foul Ball, location: 2F 1-1: Ball 2-1: Foul Ball, location: 2F 2-2: Ball 3-2: Fly out, F8 (Flyball, 8LS, EV 88.1 MPH)
|
| Top of the 2nd over - 1 run, 1 hit, 0 errors, 2 left on base; Tulsa 1 - Colorado (EL) 0 |
| BOTTOM OF THE 2ND |
|
Colorado (EL) Rockies batting - Pitching for Tulsa Drillers : RHP Alex Mora
|
|
Batting: RHB John Corfield
|
0-0: Called Strike 0-1: Ball 1-1: Foul Ball, location: 2F 1-2: Ball 2-2: Ground out 5-3 (Groundball, 56, EV 103.8 MPH)
|
|
Batting: LHB Paul McClintock
|
0-0: Ground out 6-3 (Groundball, 6S, EV 85.0 MPH)
|
|
Batting: SHB Bobby Santor
|
0-0: Ball 1-0: Called Strike 1-1: Called Strike 1-2: Ball 2-2: Foul Ball, location: 2F 2-2: Strikes out swinging
|
| Bottom of the 2nd over - 0 runs, 0 hits, 0 errors, 0 left on base; Tulsa 1 - Colorado (EL) 0 |
| TOP OF THE 3RD |
|
Tulsa Drillers batting - Pitching for Colorado (EL) Rockies : RHP Jalen Young
|
|
Batting: RHB Jason Baldwin
|
0-0: Called Strike 0-1: Foul Ball, location: 2F 0-2: Foul Ball, location: 2F 0-2: Ball 1-2: Strikes out swinging
|
|
Batting: SHB Ray Luna
|
0-0: Ball 1-0: Ball 2-0: Ball 3-0: Called Strike 3-1: Ground out 4-3 (Groundball, 4MS, EV 85.0 MPH)
|
|
Batting: RHB Carlos Gonzalez
|
0-0: Foul Ball, location: 2F 0-1: Ball 1-1: Swinging Strike 1-2: Strikes out swinging
|
| Top of the 3rd over - 0 runs, 0 hits, 0 errors, 0 left on base; Tulsa 1 - Colorado (EL) 0 |
| BOTTOM OF THE 3RD |
|
Colorado (EL) Rockies batting - Pitching for Tulsa Drillers : RHP Alex Mora
|
|
Batting: SHB Jamie Mims
|
0-0: SINGLE (Groundball, 5L, EV 98.1 MPH)
|
|
Batting: LHB Daniel Green
|
0-0: Ball 1-0: Ball 2-0: Fly out, F8 (Flyball, 89M, EV 81.2 MPH)
|
|
Batting: SHB Jeff Sorrels
|
0-0: Ball 1-0: Called Strike 1-1: Grounds into double play, 4-6-3 (Groundball, 4, EV 92.5 MPH)
|
| Bottom of the 3rd over - 0 runs, 1 hit, 0 errors, 0 left on base; Tulsa 1 - Colorado (EL) 0 |
| TOP OF THE 4TH |
|
Tulsa Drillers batting - Pitching for Colorado (EL) Rockies : RHP Jalen Young
|
|
Batting: LHB Bobby Gonzalez
|
0-0: Ball 1-0: Ball 2-0: Called Strike 2-1: Ball 3-1: Called Strike 3-2: Fly out, F7 (Flyball, 78S, EV 85.6 MPH)
|
|
Batting: RHB Justin Curran
|
0-0: Ball 1-0: Ground out 6-3 (Groundball, 6, EV 85.6 MPH)
|
|
Batting: LHB Cory Bowler
|
0-0: Ball 1-0: Ball 2-0: Ball 3-0: Base on Balls
|
|
Batting: RHB Jonathan Sotelo
|
0-0: Called Strike 0-1: Ball Cory Bowler steals 2nd base 1-1: Ground out 5-3 (Groundball, 56, EV 106.9 MPH)
|
| Top of the 4th over - 0 runs, 0 hits, 0 errors, 1 left on base; Tulsa 1 - Colorado (EL) 0 |
| BOTTOM OF THE 4TH |
|
Colorado (EL) Rockies batting - Pitching for Tulsa Drillers : RHP Alex Mora
|
|
Batting: RHB Dwane Reed
|
0-0: Ball 1-0: Ball 2-0: Called Strike 2-1: Ground out 5-3 (Groundball, 56S, EV 85.0 MPH)
|
|
Batting: RHB Zakhar Edelman
|
0-0: Foul Ball, location: 2F 0-1: Swinging Strike 0-2: Ball 1-2: Strikes out swinging
|
|
Batting: LHB Mick Tucker
|
0-0: SINGLE (Groundball, 4MD, EV 107.5 MPH)
|
|
Batting: RHB John Corfield
|
0-0: Foul Ball, location: 2F 0-1: Foul Ball, location: 2F 0-2: SINGLE (Line Drive, 4MD, EV 100.6 MPH) Mick Tucker to second Mick Tucker to third
|
|
Batting: LHB Paul McClintock
|
0-0: Fly out, F9 (Flyball, 9LMF, EV 68.1 MPH)
|
| Bottom of the 4th over - 0 runs, 2 hits, 0 errors, 2 left on base; Tulsa 1 - Colorado (EL) 0 |
| TOP OF THE 5TH |
|
Tulsa Drillers batting - Pitching for Colorado (EL) Rockies : RHP Jalen Young
|
|
Batting: RHB Bob Magana
|
0-0: Called Strike 0-1: Ball 1-1: Swinging Strike 1-2: Foul Ball, location: 2F 1-2: Strikes out swinging
|
|
Batting: LHB Joe Phillips
|
0-0: Ball 1-0: Foul Ball, location: 2F 1-1: Ground out U3 (Groundball, 3S, EV 85.0 MPH)
|
|
Batting: RHB Jason Baldwin
|
0-0: Foul Ball, location: 2F 0-1: Called Strike 0-2: Ball 1-2: SINGLE (Groundball, 6D, EV 100.0 MPH)
|
|
Batting: SHB Ray Luna
|
0-0: Ground out U3 (Groundball, 3, EV 87.5 MPH)
|
| Top of the 5th over - 0 runs, 1 hit, 0 errors, 1 left on base; Tulsa 1 - Colorado (EL) 0 |
| BOTTOM OF THE 5TH |
|
Colorado (EL) Rockies batting - Pitching for Tulsa Drillers : RHP Alex Mora
|
|
Batting: SHB Bobby Santor
|
0-0: Bunted foul 0-1: Ball 1-1: Ball 2-1: Ball 3-1: Base on Balls
|
|
Batting: SHB Jamie Mims
|
0-0: Ball 1-0: Fielders Choice at 2nd, 1-6 (Groundball, 34S, EV 76.2 MPH)
|
|
Batting: LHB Daniel Green
|
0-0: Ball 1-0: DOUBLE (Line Drive, 89D, EV 100.6 MPH) Jamie Mims to third Runner from 3rd tries for Home, SAFE, no throw by CF
|
|
Batting: SHB Jeff Sorrels
|
0-0: Foul Ball, location: 2F 0-1: Called Strike 0-2: Strikes out swinging
|
|
Batting: RHB Dwane Reed
|
0-0: DOUBLE (Groundball, 5L, EV 101.9 MPH) Daniel Green scores
|
|
Pinch Runner at 2nd Craig Ruzic:
|
|
|
Batting: RHB Zakhar Edelman
|
0-0: Ball 1-0: Ground out 6-3 (Groundball, 56, EV 86.9 MPH)
|
| Bottom of the 5th over - 2 runs, 2 hits, 0 errors, 1 left on base; Tulsa 1 - Colorado (EL) 2 |
| TOP OF THE 6TH |
|
Tulsa Drillers batting - Pitching for Colorado (EL) Rockies : RHP Jalen Young
|
|
Pitching: RHP Tsuneyoshi Kubo
|
|
|
Now at 2B: Paul McClintock
|
|
|
Now at 3B: John Corfield
|
|
|
Now at SS: Craig Ruzic
|
|
|
Batting: RHB Carlos Gonzalez
|
0-0: Ground out 6-3 (Groundball, 6, EV 104.4 MPH)
|
|
Batting: LHB Bobby Gonzalez
|
0-0: Called Strike 0-1: Ball 1-1: Ball 2-1: Ball 3-1: Base on Balls
|
|
Batting: RHB Justin Curran
|
0-0: Ball 1-0: Called Strike 1-1: Grounds into double play, 5-4-3 (Groundball, 5, EV 100.0 MPH)
|
| Top of the 6th over - 0 runs, 0 hits, 0 errors, 0 left on base; Tulsa 1 - Colorado (EL) 2 |
| BOTTOM OF THE 6TH |
|
Colorado (EL) Rockies batting - Pitching for Tulsa Drillers : RHP Alex Mora
|
|
Batting: LHB Mick Tucker
|
0-0: Ground out 3-1 (Groundball, 34S, EV 77.5 MPH)
|
|
Batting: RHB John Corfield
|
0-0: Called Strike 0-1: Ball 1-1: Ball 2-1: Called Strike 2-2: Ball 3-2: Foul Ball, location: 2F 3-2: Foul Ball, location: 2F 3-2: Strikes out swinging
|
|
Batting: LHB Paul McClintock
|
0-0: Called Strike 0-1: Called Strike 0-2: Ball 1-2: Ground out 5-3 (Groundball, 5, EV 79.4 MPH)
|
| Bottom of the 6th over - 0 runs, 0 hits, 0 errors, 0 left on base; Tulsa 1 - Colorado (EL) 2 |
| TOP OF THE 7TH |
|
Tulsa Drillers batting - Pitching for Colorado (EL) Rockies : RHP Tsuneyoshi Kubo
|
|
Batting: LHB Cory Bowler
|
0-0: Ball 1-0: Ball 2-0: Ball 3-0: Called Strike 3-1: Foul Ball, location: 2F 3-2: Base on Balls
|
|
Batting: RHB Jonathan Sotelo
|
0-0: Foul Ball, location: 2F 0-1: Foul Ball, location: 2F 0-2: Strikes out swinging
|
|
Batting: RHB Bob Magana
|
0-0: Ball 1-0: Called Strike 1-1: Ball 2-1: Ball 3-1: Called Strike 3-2: Base on Balls Cory Bowler to second
|
|
Batting: LHB Joe Phillips
|
0-0: SINGLE (Line Drive, 7S, EV 86.9 MPH) Cory Bowler to third Bob Magana to second Runner from 3rd tries for Home, SAFE, throw by LF to home
|
|
Batting: RHB Jason Baldwin
|
0-0: Ball 1-0: Grounds into double play, 4-6-3 (Groundball, 4M, EV 89.4 MPH)
|
| Top of the 7th over - 1 run, 1 hit, 0 errors, 1 left on base; Tulsa 2 - Colorado (EL) 2 |
| BOTTOM OF THE 7TH |
|
Colorado (EL) Rockies batting - Pitching for Tulsa Drillers : RHP Alex Mora
|
|
Batting: SHB Bobby Santor
|
0-0: Ball 1-0: SINGLE (Groundball, 4MD, EV 103.1 MPH)
|
|
Batting: SHB Jamie Mims
|
0-0: Sac Bunt to P - play at first, batter safe! Bobby Santor to second
|
|
Batting: LHB Daniel Green
|
0-0: Foul Ball, location: 2F 0-1: Called Strike 0-2: Ball 1-2: Ball 2-2: Ball 3-2: Fielders Choice at 2nd, 3-6 (Groundball, 3S, EV 90.0 MPH) Bobby Santor to third
|
|
Batting: SHB Jeff Sorrels
|
0-0: Ball Daniel Green is caught stealing 2nd base 2-6 1-0: Foul Ball, location: 2F 1-1: Ball 2-1: Foul Ball, location: 2F 2-2: SINGLE (Groundball, 6, EV 96.9 MPH) Bobby Santor scores
|
|
Batting: SHB Craig Ruzic
|
0-0: Called Strike 0-1: Foul Ball, location: 2F 0-2: Ball 1-2: Strikes out looking
|
| Bottom of the 7th over - 1 run, 3 hits, 0 errors, 1 left on base; Tulsa 2 - Colorado (EL) 3 |
| TOP OF THE 8TH |
|
Tulsa Drillers batting - Pitching for Colorado (EL) Rockies : RHP Tsuneyoshi Kubo
|
|
Batting: SHB Ray Luna
|
0-0: Foul Ball, location: 2F 0-1: Ball 1-1: Ball 2-1: Swinging Strike 2-2: Ball 3-2: Strikes out looking
|
|
Batting: RHB Carlos Gonzalez
|
0-0: Called Strike 0-1: Foul Ball, location: 2F 0-2: Foul Ball, location: 2F 0-2: Strikes out swinging
|
|
Batting: LHB Bobby Gonzalez
|
0-0: Ball 1-0: Fly out, F7 (Flyball, 7S, EV 95.6 MPH)
|
| Top of the 8th over - 0 runs, 0 hits, 0 errors, 0 left on base; Tulsa 2 - Colorado (EL) 3 |
| BOTTOM OF THE 8TH |
|
Colorado (EL) Rockies batting - Pitching for Tulsa Drillers : RHP Alex Mora
|
|
Batting: RHB Zakhar Edelman
|
0-0: Called Strike 0-1: Ball 1-1: Foul Ball, location: 2F 1-2: Ball 2-2: Ball 3-2: Strikes out swinging
|
|
Batting: LHB Mick Tucker
|
0-0: SINGLE (Groundball, 56D, EV 98.8 MPH)
|
|
Batting: RHB John Corfield
|
0-0: Ball 1-0: Ball 2-0: Foul Ball, location: 2F 2-1: Ball 3-1: SINGLE (Flyball, 9S, EV 84.4 MPH) Mick Tucker to second Runner from 2nd tries for 3rd, SAFE, throw by RF made to third
|
|
Batting: LHB Paul McClintock
|
0-0: Called Strike 0-1: Foul Ball, location: 2F 0-2: Ball 1-2: 3-RUN HOME RUN (Flyball, 9D, EV 98.8 MPH), Distance : 364 ft
|
|
Pitching: RHP Shane Walker
|
|
|
Batting: SHB Bobby Santor
|
0-0: Called Strike 0-1: Ball 1-1: Ball 2-1: Foul Ball, location: 2F 2-2: Foul Ball, location: 2F 2-2: Ball 3-2: Base on Balls
|
|
Batting: SHB Jamie Mims
|
Pickoff Throw to First - Out! 1-3 0-0: Called Strike 0-1: Foul Ball, location: 2F 0-2: Ground out 4-3 (Groundball, 13, EV 93.1 MPH)
|
| Bottom of the 8th over - 3 runs, 3 hits, 0 errors, 0 left on base; Tulsa 2 - Colorado (EL) 6 |
| TOP OF THE 9TH |
|
Tulsa Drillers batting - Pitching for Colorado (EL) Rockies : RHP Tsuneyoshi Kubo
|
|
Pitching: RHP Lorenzo Pacheco
|
|
|
Batting: RHB Justin Curran
|
0-0: Called Strike 0-1: Fly out, F7 (Flyball, 7, EV 85.6 MPH)
|
|
Batting: LHB Cory Bowler
|
0-0: Called Strike 0-1: Ball 1-1: Foul Ball, location: 2F 1-2: Ground out 1-3 (Groundball, 34S, EV 70.6 MPH)
|
|
Batting: RHB Jonathan Sotelo
|
0-0: Ground out U3 (Groundball, 3L, EV 81.9 MPH)
|
| Top of the 9th over - 0 runs, 0 hits, 0 errors, 0 left on base; Tulsa 2 - Colorado (EL) 6 |
|